 Dungeon Crawl Stone Soup version 0.21.1-1-g345015f (webtiles) character file.

39 Mirai the Sneak (level 3, -4/19 HPs)
             Began as a Kobold Enchanter on Apr 27, 2018.
             Slain by a gnoll (6 damage)
             ... on level 2 of the Dungeon.
             The game lasted 00:03:01 (1348 turns).

Mirai the Sneak (Kobold Enchanter)                  Turns: 1348, Time: 00:03:02

Health: -4/19      AC:  2    Str:  6    XL:     3   Next: 70%
Magic:  1/6        EV: 15    Int: 16    God:
Gold:   81         SH:  0    Dex: 15    Spells: 1/7 levels left

rFire    . . .     SeeInvis .   a - +1 dagger
rCold    . . .     Gourm    .   (shield restricted)
rNeg     . . .     Faith    .   b - +0 robe
rPois    .         Spirit   .   (no helmet)
rElec    .         Reflect  .   (no cloak)
rCorr    .         Harm     .   (no gloves)
MR       .....                  (no boots)
Stlth    +++.......             (no amulet)
HPRegen  0.06/turn              (no ring)
MPRegen  0.10/turn              (no ring)

@: no status effects
A: small, carnivore
a: no special abilities


You were on level 2 of the Dungeon.
You were completely stuffed.

You visited 1 branch of the dungeon, and saw 2 of its levels.

You collected 81 gold pieces.

Inventory:

Hand Weapons
 a - a +1 dagger (weapon)
Armour
 b - a +0 robe (worn)
Scrolls
 e - a scroll of teleportation {unknown}
 f - a scroll of enchant armour {unknown}
 g - a scroll of fear {unknown}
 j - a scroll of identify {unknown}
Potions
 h - a potion of heal wounds {unknown}
Books
 c - a book of Maledictions

   Spells                             Type                      Level
   a - Corona                         Hexes                        1
   b - Ensorcelled Hibernation        Hexes/Ice                    2
   c - Confuse                        Hexes                        3
   d - Tukima's Dance                 Hexes                        3
   e - Dazzling Spray                 Conjuration/Hexes            3
Comestibles
 d - 5 rations
 i - 5 chunks of flesh


   Skills:
 + Level 2.1 Short Blades
 + Level 2.9 Dodging
 + Level 4.7 Stealth
 + Level 2.5 Spellcasting
 + Level 3.3 Hexes


You had one spell level left.
You knew the following spells:

 Your Spells              Type           Power        Failure   Level  Hunger
a - Corona                Hex            ##.....      4%          1    #......
b - Ensorcelled Hibernat  Hex/Ice        #.....       16%         2    ##.....
c - Confuse               Hex            ##......     16%         3    ###....


Dungeon Overview and Level Annotations

Branches:
Dungeon (2/15)

Altars:


Innate Abilities, Weirdness & Mutations

You are small and have problems with some larger weapons.
You are carnivorous and can eat meat at any time.


Message History

The gnoll is moderately wounded.
The gnoll hits you but does no damage.
Casting: Corona
Confirm with . or Enter, or press ? or * to list all spells.
Aiming: Ensorcelled Hibernation
Press: ? - help, Shift-Dir - straight line, f/p - gnoll
Aim: a gnoll (moderately wounded, softly glowing, unusually agile, chance to defeat MR: 48%)
The gnoll resists with some effort.
The gnoll hits you!
* * * LOW HITPOINT WARNING * * *
You hit the gnoll.
The gnoll is heavily wounded.
The gnoll closely misses you. x2
Casting: Ensorcelled Hibernation
Confirm with . or Enter, or press ? or * to list all spells.
Aiming: Ensorcelled Hibernation
Press: ? - help, Shift-Dir - straight line, f/p - gnoll
Aim: a gnoll (heavily wounded, softly glowing, unusually agile, chance to defeat MR: 48%)
The gnoll resists with some effort.
The gnoll barely misses you. The gnoll hits you.
You die...

#......# #)....##
###########
#....##
#.........# #....#
#.........# #....#
#...$.....###.##.#
#.........##.....#
#.....g......).###
#....@gg..<##.##
######..#...#.#
#..###.รท..# #..##
#.g..# #.# #..#.#
... ......# ...
..#....# .##.....
^. #......


You could see 3 gnolls.

Vanquished Creatures
  A worm (D:2)
  A dart slug (D:1)
  A leopard gecko (D:1)
  3 bats
  4 giant cockroaches (D:1)
  4 goblins (D:1)
  5 hobgoblins
  A frilled lizard (D:1)
  7 kobolds
  4 rats
31 creatures vanquished.

Notes
Turn   | Place    | Note
-------+----------+-------------------------------------------
     0 | D:1      | Mirai the Kobold Enchanter began the quest for the Orb.
     0 | D:1      | Reached XP level 1. HP: 10/10 MP: 3/3
   180 | D:1      | Reached XP level 2. HP: 9/15 MP: 5/5
   198 | D:1      | Learned a level 2 spell: Ensorcelled Hibernation
   688 | D:1      | Reached XP level 3. HP: 3/19 MP: 0/6
   693 | D:1      | Learned a level 3 spell: Confuse
  1348 | D:2      | Slain by a gnoll

Skill      XL: |  1  2  3 |
---------------+----------+-----
Short Blades   | 2 |  2.1
Dodging        | |  2.9
Stealth        | |  4.7
Spellcasting   | |  2.5
Hexes          | |  3.3

Action                   || total
-------------------------++-------
Melee: Dagger            ||   114
 Cast: Ensorcelled Hiber ||    19
       Corona            ||     1
 Stab: Sleeping          ||    18
  Eat: Chunk             ||    11
Armor: Robe              ||    26
Dodge: Dodged            ||   119
